 Dungeon Crawl Stone Soup version 0.32-a0-898-g7811c86cf0 (webtiles) character file.

Game seed: 15955146994526171972

7 DEFE the Trooper (level 2, -1/24 HPs)
             Began as a Coglin Fighter on Apr 4, 2024.
             Frozen to death by an endoplasm (4 damage)
             ... on level 1 of the Dungeon.
             The game lasted 00:00:17 (52 turns).

DEFE the Trooper (Coglin Fighter)                     Turns: 52, Time: 00:00:18

Health: -1/24      AC:  6    Str: 16    XL:     2   Next: 0%
Magic:  2/2        EV:  7    Int:  7    God:
Gold:   0          SH:  4    Dex: 13    Spells: 1/1 levels left

rFire   . . .        a - +0 war axe {Kai}
rCold   . . .        c - +0 buckler
rNeg    . . .        b - +0 scale mail
rPois   .            (no helmet)
rElec   .            (no cloak)
rCorr   .            (no gloves)
SInv    .            (no boots)
Will    .....        (amulet unavailable) Stlth
                     (ring unavailable)
HPRegen 0.24/turn    (ring unavailable)
MPRegen 0.08/turn    (no gizmo)

%: no passive effects
@: mighty, revved
A: off-hand wielding, slow wielding, warmup strikes, no jewellery
a: Invent Gizmo


You were on level 1 of the Dungeon.
You visited 1 branch of the dungeon, and saw 1 of its levels.

Inventory:

Hand Weapons
 a - a +0 war axe (weapon) {Kai}
Armour
 b - a +0 scale mail (worn)
 c - a +0 buckler (worn)


   Skills:
 - Level 3.0 Fighting
 - Level 2.4(2.5) Axes
 + Level 0.6(1.5) Polearms
 - Level 2.6 Armour
 - Level 2.1 Shields


You had one spell level left.
You didn't know any spells.
Your spell library was empty.

Dungeon Overview and Level Annotations

Branches:
Dungeon (1/15)

Altars:

Shops:
D:1 *


Innate Abilities, Weirdness & Mutations

You can wield a second weapon in your off-hand.
It takes a long time for you to wield or remove held weapons.
Your first few attacks do less damage.
You cannot equip rings or amulets.


Message History

The endoplasm is severely wounded.
You barely miss the jackal. You hit the jackal.
The jackal bites you but does no damage. x2
The endoplasm freezes you.
You are frozen.
The jackal bites you but does no damage. x2
The endoplasm freezes you.
You are frozen.
You barely miss the endoplasm.
The endoplasm is severely wounded.
You hit the jackal but do no damage. You miss the jackal.
The jackal closely misses you. The jackal barely misses you.
The jackal bites you but does no damage.
The jackal barely misses you. The endoplasm freezes you.
You are frozen.
You barely miss the endoplasm.
The endoplasm is severely wounded.
You hit the jackal. You closely miss the jackal. The jackal bites you. x2
The endoplasm barely misses you.
The jackal bites you but does no damage.
You block the jackal's attack.
The endoplasm hits you but does no damage.
You are too injured to fight recklessly!
Unknown command.
You are too injured to fight recklessly!
You miss the jackal.
The jackal is heavily wounded.
You miss the jackal. You hit the endoplasm but do no damage.
The jackal barely misses you. x2; The jackal bites you. x2
The endoplasm freezes you.
You are frozen.
* * * LOW HITPOINT WARNING * * *
You feel very mighty all of a sudden.
The jackal bites you but does no damage.
The jackal bites you.
* * * LOW HITPOINT WARNING * * *
The endoplasm freezes you.
You are frozen.
You die...

.... .... ...^. ..
..... #.#.# .# ..)".
#.#.##..#.# ......
#.#.##..#.### ##
......#+#........... ..
#....hh.....#..#.#####.
#....J@.P......... ..#.
#........∩..#..#.# #.#.
#........PP.#..#.###.#.
######+......|.......#.
..................)
....................
....$.................
................###+#.
.................. ##


You could see an endoplasm and 2 jackals.

Vanquished Creatures
  A ball python (D:1)
  A goblin (D:1)
  A hobgoblin (D:1)
  2 jackals (D:1)
5 creatures vanquished.

Notes
Turn   | Place    | Note
-------+----------+-------------------------------------------
     0 | D:1      | DEFE the Coglin Fighter began the quest for the Orb.
     0 | D:1      | Reached XP level 1. HP: 18/18 MP: 1/1
    36 | D:1      | Found Tuzass's Assorted Antiques.
    48 | D:1      | Reached XP level 2. HP: 24/24 MP: 2/2
    52 | D:1      | Frozen to death by an endoplasm

Illustrated notes

Levels and vault maps discovered:
D:1:      psy_arrival_conway, layout_basic, serial_shops,
          nicolae_shop_overgrown_old_shop, minmay_split_cup_small

Action                     || total
---------------------------++-------
  Melee: War axe           ||    12
    Use: Potion            ||     1
 Armour: Scale mail        ||    18
  Dodge: Dodged            ||    11
  Block: Buckler           ||     4

Table legend: (Time is in decaauts)
 A = Elapsed time spent in this place.
 B = Non-inter-level travel time spent in this place.
 C = Inter-level travel time spent in this place.
 D = Time resting spent in this place.
 E = Time spent auto-exploring this place.
 F = Levels seen in this place.
 G = Mean time per level.
                   A        B        C        D        E       F      G
               +--------+--------+--------+--------+--------+-----+--------+
         Total |     59 |     59 |      0 |      0 |     27 |   1 |   59.0 |
       Dungeon |     59 |     59 |      0 |      0 |     27 |   1 |   59.0 |
               +--------+--------+--------+--------+--------+-----+--------+

Top non-repeatable levels by time:
     D:1: 59 daAuts
